Checkers 2 vs Gulls

Created - 22 janvier 2024 at 20:35

Goals
1 2 3 T
Checkers 2 1 1 1 3
Gulls 1 0 0 1
Shots
1 2 3 T
Checkers 2 21 8 6 35
Gulls 6 6 9 21

GoalsPenalties
1st period
1. Gulls , Zach Tsekos 3 (Guillaume Brisebois 7, Justin Bailey 8) at 14:07
2. Checkers 2 , Joel Hanley 3 (Max Pacioretty 36, Brett Ritchie 25) at 14:56
Egor Sokolov (ANA) for Holding (Minor) at 6:14
2nd period
3. Checkers 2 , Martin Kaut 1 (Conor Timmins 18) at 13:35
Nathan Walker (SEA) for Holding Stick (Minor) at 2:00
3rd period
4. Checkers 2 , Parker Kelly 19 (Wayne Simmonds 14, Scott Harrington 6) at 9:44
Sheldon Dries (SEA) for Hooking (Minor) at 3:13
Jake Livingstone (ANA) for Interference (Minor) at 17:25
Goalie Stats
David Rittich (SEA), 20 saves from 21 shots - (0,952), W, 39-18-5, 60:00 minutes
Louis Domingue (ANA), 32 saves from 35 shots - (0,914), L, 27-28-13, 60:00 minutes
3 StarsOfficial
1 - Parker Kelly (SEA)
2 - Martin Kaut (SEA)
3 - Joel Hanley (SEA)
Referees : Shauna Neary and Gord Dwyer
Linesman : Tyson Baker and Cassandra Gregory
Game Note
No Game Note



Team Name Goals Shots Shots Attemp Shots Blocked PIM HIT PP PK FO%
Checkers 2 3354754260 / 2 (0%)076%
Gulls 1213544160 / 2 (0%)024%

Checkers 2
Player Name POS G A P +/- PIM HIT SHT SB MP PP MP PP SHT PK MP PK SHT FO% FOT GA TA
Alex BelzileC/RW000001107:120:0000:0000% 000
Brett RitchieRW0111016022:322:1712:0600% 010
Cale FleuryD000100008:351:2000:0000% 000
Colton WhiteD0000020025:242:3800:0000% 010
Conor TimminsD0111020424:091:2001:5000% 011
Hudson FaschingRW0000010011:040:0000:0000% 000
Jake ChristiansenD0000000122:520:0002:0800% 001
Joel HanleyD1011001029:002:3801:5000% 001
Joel KivirantaLW/RW0001023019:001:4101:5200% 100
Laurent DauphinC0001016022:492:0811:52080% 3000
Martin KautRW101002108:220:0000:0000% 000
Max PaciorettyLW0111024020:042:1700:0000% 121
Nathan WalkerLW0001236017:541:4100:00050% 210
Parker KellyC/LW1011021017:360:0902:06067% 900
Scott HarringtonD0111000010:000:0002:0800% 000
Sheldon DriesC0000235017:341:4100:000100% 800
Victor MeteD000000000:000:0000:0000% 000
Wayne SimmondsLW/RW0110041011:530:0000:0000% 010
Gulls
Player Name POS G A P +/- PIM HIT SHT SB MP PP MP PP SHT PK MP PK SHT FO% FOT GA TA
Alex VlasicD000-1021027:042:1202:2700% 021
Egor SokolovLW0000200024:061:5600:4600% 011
Guillaume BriseboisD0111010014:060:0000:5700% 001
Jack BeckerC/LW/RW000-1010016:562:0301:18031% 1300
Jacob Bernard-DockerD000001004:350:0000:1200% 000
Jake LivingstoneD000-1200121:552:1201:1800% 010
Justin BaileyRW0110042023:261:4502:07050% 401
Kale HowarthLW000-1010013:190:3100:2300% 100
Maxim CajkovicRW000-1011016:380:1000:0000% 000
Noel GunlerLW/RW000000000:100:0000:0000% 000
Philip BrobergD0001000012:540:0000:0000% 000
Vincent ArseneauLW000-1005018:010:0001:3300% 001
Wyatt BongiovanniC0000001014:221:4510:07022% 1800
Xavier ParentC/LW/RW000-1001018:111:4100:00018% 1100
Yanni KaldisD000-2012020:001:4611:3100% 001
Zach GiuttariD000-2013220:001:4621:3100% 000
Zach SolowRW000-1022016:352:0310:0000% 001
Zach TsekosC1010013113:420:0001:4200% 400

Checkers 2

5 vs 5 Forward
Line #Left WingCenterRight WingPHYDFOFWanted %Time %Time Play
1Max PaciorettyLaurent DauphinBrett Ritchie0234536%18:59
2Nathan WalkerParker KellyJoel Kiviranta0233028%14:49
3Wayne SimmondsSheldon DriesHudson Fasching0322021%11:04
4Sheldon DriesAlex BelzileMartin Kaut032514%7:12
5 vs 5 Defense
Line #DefenseDefensePHYDFOFWanted %Time %Time Play
1Joel HanleyColton White0325044%22:46
2Conor TimminsJake Christiansen0323040%20:44
3Scott HarringtonJoel Hanley0321014%7:23
4Joel HanleyConor Timmins032102%1:11
Power Play Forward
Line #Left WingCenterRight WingPHYDFOFWanted %Time %Time Play
1Max PaciorettyLaurent DauphinBrett Ritchie0236058%2:17
2Nathan WalkerSheldon DriesJoel Kiviranta0234042%1:41
Power Play Defense
Line #DefenseDefensePHYDFOFWanted %Time %Time Play
1Joel HanleyColton White0236066%2:38
2Conor TimminsJoel Hanley0234034%1:20
Penalty Kill 4 Players Forward
Line #CenterWingPHYDFOFWanted %Time %Time Play
1Laurent DauphinJoel Kiviranta0505047%1:52
2Parker KellyBrett Ritchie0505053%2:06
Penalty Kill 4 Players Defense
Line #DefenseDefensePHYDFOFWanted %Time %Time Play
1Joel HanleyConor Timmins1316046%1:50
2Scott HarringtonJake Christiansen1314054%2:08
Penalty Kill 3 Players
Line #WingPHYDFOFWanted %Time %Time PlayDefenseDefensePHYDFOFWanted %Time %Time Play
1Wayne Simmonds050600%0:00 Joel HanleyConor Timmins041600%0:00
2Hudson Fasching050400%0:00 Scott HarringtonJake Christiansen041400%0:00
4 vs 4 Forward
Line #CenterWingPHYDFOFWanted %Time %Time Play
1Laurent DauphinMax Pacioretty032500%0:00
2Sheldon DriesBrett Ritchie032500%0:00
4 vs 4 Defense
Line #DefensePHYDFOFWanted %Time %Time Play
1Joel HanleyColton White032600%0:00
2Conor TimminsJake Christiansen032400%0:00
Last Minutes Offensive
Left WingCenterRight WingDefenseDefense
Max PaciorettySheldon DriesBrett RitchieJoel HanleyColton White
Last Minutes Defensive
Left WingCenterRight WingDefenseDefense
Nathan WalkerLaurent DauphinJoel KivirantaConor TimminsScott Harrington
Time
Total ForwardTotal DefenseLast Minutes OffensiveLast Minutes Defensive
60:00 60:00 0:000:00
Extra Forwards
Normal PowerPlayPenalty Kill
Nathan Walker, Laurent Dauphin, Brett RitchieLaurent Dauphin, Brett RitchieNathan Walker
Extra Defensemen
Normal PowerPlayPenalty Kill
Joel Hanley, Conor Timmins, Scott HarringtonJoel Hanley, Conor TimminsScott Harrington
Penalty Shots
Max Pacioretty, Sheldon Dries, Brett Ritchie, Nathan Walker, Laurent Dauphin
Goalie
David Rittich, Antti Raanta
Scratches
Gage Quinney (Healthy), Alex Galchenyuk (Healthy), Michael Del Zotto (Healthy), Xavier Ouellet (Healthy), Jeremy Davies (Healthy) Mikhail Maltsev (Healthy), Noah Juulsen (Healthy), Nate Thompson (Healthy), Radim Zohorna (Healthy), Patrick Guay (Healthy) Pavel Francouz (Healthy), Maxime Lagace (Healthy), Zach Sawchenko (Healthy)

Gulls

5 vs 5 Forward
Line #Left WingCenterRight WingPHYDFOFWanted %Time %Time Play
1Egor SokolovWyatt BongiovanniJustin Bailey1224025%13:06
2Egor SokolovJack BeckerZach Solow1223027%14:00
3Vincent ArseneauXavier ParentMaxim Cajkovic1222030%15:39
4Kale HowarthZach TsekosJustin Bailey1221018%9:19
5 vs 5 Defense
Line #DefenseDefensePHYDFOFWanted %Time %Time Play
1Alex VlasicJake Livingstone1224035%18:04
2Zach GiuttariYanni Kaldis1223032%16:43
3Philip BrobergGuillaume Brisebois1222025%12:54
4Jacob Bernard-DockerAlex Vlasic122108%4:23
Power Play Forward
Line #Left WingCenterRight WingPHYDFOFWanted %Time %Time Play
1Egor SokolovWyatt BongiovanniJustin Bailey1226048%1:55
2Egor SokolovJack BeckerZach Solow1224052%2:03
Power Play Defense
Line #DefenseDefensePHYDFOFWanted %Time %Time Play
1Alex VlasicJake Livingstone1226055%2:12
2Zach GiuttariYanni Kaldis1224045%1:46
Penalty Kill 4 Players Forward
Line #CenterWingPHYDFOFWanted %Time %Time Play
1Justin BaileyEgor Sokolov12260100%3:58
2Justin BaileyVincent Arseneau122400%0:00
Penalty Kill 4 Players Defense
Line #DefenseDefensePHYDFOFWanted %Time %Time Play
1Alex VlasicJake Livingstone1226062%2:27
2Zach GiuttariYanni Kaldis1224038%1:31
Penalty Kill 3 Players
Line #WingPHYDFOFWanted %Time %Time PlayDefenseDefensePHYDFOFWanted %Time %Time Play
1Egor Sokolov122600%0:00 Alex VlasicJake Livingstone122600%0:00
2Egor Sokolov122400%0:00 Zach GiuttariYanni Kaldis122400%0:00
4 vs 4 Forward
Line #CenterWingPHYDFOFWanted %Time %Time Play
1Justin BaileyEgor Sokolov122600%0:00
2Justin BaileyVincent Arseneau122400%0:00
4 vs 4 Defense
Line #DefensePHYDFOFWanted %Time %Time Play
1Alex VlasicJake Livingstone122600%0:00
2Zach GiuttariYanni Kaldis122400%0:00
Last Minutes Offensive
Left WingCenterRight WingDefenseDefense
Egor SokolovWyatt BongiovanniJustin BaileyAlex VlasicJake Livingstone
Last Minutes Defensive
Left WingCenterRight WingDefenseDefense
Egor SokolovWyatt BongiovanniJustin BaileyAlex VlasicJake Livingstone
Time
Total ForwardTotal DefenseLast Minutes OffensiveLast Minutes Defensive
60:00 60:00 0:000:00
Extra Forwards
Normal PowerPlayPenalty Kill
Xavier Parent, Kale Howarth, Zach TsekosXavier Parent, Kale HowarthZach Tsekos
Extra Defensemen
Normal PowerPlayPenalty Kill
Alex Vlasic, Guillaume Brisebois, Jacob Bernard-DockerAlex Vlasic, Guillaume BriseboisJacob Bernard-Docker
Penalty Shots
Xavier Parent, Egor Sokolov, Justin Bailey, Vincent Arseneau, Wyatt Bongiovanni
Goalie
Louis Domingue, Joey Daccord
Scratches
Andrew Poturalski (Sprained Right Ankle Injury), Matthew Knies (Separated Right Shoulder Injury)


Play-by-Play

1st period


0:01 of 1st period - Laurent Dauphin wins face-off versus Wyatt Bongiovanni in neutral zone.
0:33 of 1st period - Icing by Nathan Walker.
0:34 of 1st period - Jack Becker wins face-off versus Parker Kelly in Checkers 2 zone.
0:47 of 1st period - Wrist shot by Jack Becker.
0:47 of 1st period - Shot Misses the Net.
0:57 of 1st period - Colton White is hit by Zach Tsekos and loses puck.
1:28 of 1st period - Wrist shot by Nathan Walker.
1:28 of 1st period - Stopped by Louis Domingue without a rebound.
1:29 of 1st period - Sheldon Dries wins face-off versus Jack Becker in Gulls zone.
1:58 of 1st period - Wrist shot by Xavier Parent.
1:58 of 1st period - Shot Misses the Net.
3:01 of 1st period - Snap shot by Egor Sokolov.
3:01 of 1st period - Shot Misses the Net.
4:07 of 1st period - Kale Howarth is hit by Conor Timmins.
5:14 of 1st period - Snap shot by Max Pacioretty.
5:14 of 1st period - Stopped by Louis Domingue without a rebound.
5:15 of 1st period - Laurent Dauphin wins face-off versus Wyatt Bongiovanni in Gulls zone.
5:38 of 1st period - Colton White is hit by Jacob Bernard-Docker and loses puck.
5:47 of 1st period - Snap shot by Vincent Arseneau.
5:47 of 1st period - Stopped by David Rittich without a rebound.
5:48 of 1st period - Laurent Dauphin wins face-off versus Xavier Parent in Checkers 2 zone.
6:14 of 1st period - Minor Penalty to Egor Sokolov for Holding.
6:15 of 1st period - Justin Bailey wins face-off versus Laurent Dauphin in Gulls zone.
6:21 of 1st period - Snap shot by Laurent Dauphin.
6:21 of 1st period - Stopped by Louis Domingue with a rebound.
6:29 of 1st period - Snap shot by Brett Ritchie.
6:29 of 1st period - Stopped by Louis Domingue without a rebound.
6:30 of 1st period - Laurent Dauphin wins face-off versus Justin Bailey in Gulls zone.
6:55 of 1st period - Sheldon Dries is hit by Justin Bailey and loses puck.
8:07 of 1st period - Brett Ritchie is hit by Justin Bailey and loses puck.
8:14 of 1st period - Penalty to Egor Sokolov is over, Egor Sokolov is back on ice.
9:15 of 1st period - Wrist shot by Kale Howarth.
9:15 of 1st period - Shot Misses the Net.
10:10 of 1st period - Icing by Yanni Kaldis.
10:11 of 1st period - Parker Kelly wins face-off versus Zach Tsekos in Gulls zone.
10:14 of 1st period - Wrist shot by Nathan Walker.
10:14 of 1st period - Stopped by Louis Domingue with a rebound.
10:16 of 1st period - Slapshot by Parker Kelly.
10:16 of 1st period - Shot Blocked by Zach Tsekos.
10:18 of 1st period - Backhand shot by Jake Christiansen.
10:18 of 1st period - Deflect By Joel Kiviranta.
10:18 of 1st period - Stopped by Louis Domingue without a rebound.
10:19 of 1st period - Laurent Dauphin wins face-off versus Xavier Parent in Gulls zone.
10:20 of 1st period - Backhand shot by Brett Ritchie.
10:20 of 1st period - Stopped by Louis Domingue without a rebound.
10:21 of 1st period - Laurent Dauphin wins face-off versus Xavier Parent in Gulls zone.
10:52 of 1st period - Wrist shot by Nathan Walker.
10:52 of 1st period - Stopped by Louis Domingue with a rebound.
11:10 of 1st period - Snap shot by Alex Belzile.
11:10 of 1st period - Shot Blocked by Zach Giuttari.
11:34 of 1st period - Wrist shot by Brett Ritchie.
11:34 of 1st period - Deflect By Laurent Dauphin.
11:34 of 1st period - Stopped by Louis Domingue with a rebound.
11:36 of 1st period - Slapshot by Max Pacioretty.
11:36 of 1st period - Shot Blocked by Zach Giuttari.
11:38 of 1st period - Backhand shot by Brett Ritchie.
11:38 of 1st period - Stopped by Louis Domingue without a rebound.
11:39 of 1st period - Jack Becker wins face-off versus Laurent Dauphin in Gulls zone.
11:52 of 1st period - Snap shot by Laurent Dauphin.
11:52 of 1st period - Shot Misses the Net.
11:54 of 1st period - Snap shot by Conor Timmins.
11:54 of 1st period - Deflect By Laurent Dauphin.
11:54 of 1st period - Stopped by Louis Domingue without a rebound.
11:55 of 1st period - Sheldon Dries wins face-off versus Xavier Parent in Gulls zone.
12:12 of 1st period - Wrist shot by Sheldon Dries.
12:12 of 1st period - Stopped by Louis Domingue without a rebound.
12:13 of 1st period - Laurent Dauphin wins face-off versus Wyatt Bongiovanni in Gulls zone.
12:16 of 1st period - Snap shot by Brett Ritchie.
12:16 of 1st period - Stopped by Louis Domingue with a rebound.
12:18 of 1st period - Snap shot by Laurent Dauphin.
12:18 of 1st period - Stopped by Louis Domingue with a rebound.
12:24 of 1st period - Slapshot by Max Pacioretty.
12:24 of 1st period - Stopped by Louis Domingue without a rebound.
12:25 of 1st period - Laurent Dauphin wins face-off versus Wyatt Bongiovanni in Gulls zone.
12:58 of 1st period - Snap shot by Vincent Arseneau.
12:58 of 1st period - Stopped by David Rittich with a rebound.
13:18 of 1st period - Snap shot by Zach Tsekos.
13:18 of 1st period - Stopped by David Rittich without a rebound.
13:19 of 1st period - Laurent Dauphin wins face-off versus Zach Tsekos in Checkers 2 zone.
13:19 of 1st period - Laurent Dauphin is hit by Guillaume Brisebois.
13:37 of 1st period - Zach Tsekos is hit by Brett Ritchie and loses puck.
13:52 of 1st period - Sheldon Dries is hit by Justin Bailey and loses puck.
13:57 of 1st period - Backhand shot by Justin Bailey.
13:57 of 1st period - Stopped by David Rittich with a rebound.
13:59 of 1st period - Slapshot by Guillaume Brisebois.
13:59 of 1st period - Shot Misses the Net.
14:01 of 1st period - Slapshot by Justin Bailey.
14:01 of 1st period - Shot Blocked by Conor Timmins.
14:03 of 1st period - Snap shot by Zach Tsekos.
14:03 of 1st period - Stopped by David Rittich with a rebound.
14:05 of 1st period - Slapshot by Guillaume Brisebois.
14:05 of 1st period - Shot Blocked by Conor Timmins.
14:07 of 1st period - Snap shot by Zach Tsekos.
14:07 of 1st period - Goal by Zach Tsekos - Checkers 2 : 0 - Gulls : 1.
14:08 of 1st period - Laurent Dauphin wins face-off versus Jack Becker in neutral zone.
14:25 of 1st period - Backhand shot by Brett Ritchie.
14:25 of 1st period - Stopped by Louis Domingue without a rebound.
14:26 of 1st period - Parker Kelly wins face-off versus Wyatt Bongiovanni in Gulls zone.
14:50 of 1st period - Icing by Xavier Parent.
14:51 of 1st period - Laurent Dauphin wins face-off versus Xavier Parent in Gulls zone.
14:54 of 1st period - Wrist shot by Brett Ritchie.
14:54 of 1st period - Deflect By Max Pacioretty.
14:54 of 1st period - Stopped by Louis Domingue with a rebound.
14:56 of 1st period - Slapshot by Joel Hanley.
14:56 of 1st period - Goal by Joel Hanley - Checkers 2 : 1 - Gulls : 1.
14:57 of 1st period - Wyatt Bongiovanni wins face-off versus Max Pacioretty in neutral zone.
15:08 of 1st period - Slapshot by Egor Sokolov.
15:08 of 1st period - Deflect By Justin Bailey.
15:08 of 1st period - Shot Misses the Net.
15:08 of 1st period - Puck is out of play.
15:09 of 1st period - Laurent Dauphin wins face-off versus Wyatt Bongiovanni in Checkers 2 zone.
15:09 of 1st period - Laurent Dauphin is hit by Justin Bailey.
16:02 of 1st period - Joel Kiviranta is hit by Jack Becker and loses puck.
17:58 of 1st period - Vincent Arseneau is hit by Nathan Walker and loses puck.
18:13 of 1st period - Egor Sokolov is hit by Hudson Fasching and loses puck.
18:24 of 1st period - Egor Sokolov is hit by Parker Kelly and loses puck.
19:09 of 1st period - Wrist shot by Nathan Walker.
19:09 of 1st period - Stopped by Louis Domingue without a rebound.
19:10 of 1st period - Parker Kelly wins face-off versus Zach Tsekos in Gulls zone.
19:11 of 1st period - Slapshot by Nathan Walker.
19:11 of 1st period - Stopped by Louis Domingue with a rebound.
19:13 of 1st period - Snap shot by Joel Kiviranta.
19:13 of 1st period - Stopped by Louis Domingue without a rebound.
19:14 of 1st period - Laurent Dauphin wins face-off versus Kale Howarth in Gulls zone.
Goals for this period are 1 for Checkers 2 vs 1 for Gulls.
Shots for this period are 21 for Checkers 2 vs 6 for Gulls.

2nd period


0:01 of 2nd period - Laurent Dauphin wins face-off versus Justin Bailey in neutral zone.
0:15 of 2nd period - Wrist shot by Brett Ritchie.
0:15 of 2nd period - Shot Blocked by Jake Livingstone.
0:27 of 2nd period - Xavier Parent is hit by Joel Kiviranta and loses puck.
0:49 of 2nd period - Icing by Maxim Cajkovic.
0:50 of 2nd period - Sheldon Dries wins face-off versus Jack Becker in Gulls zone.
0:51 of 2nd period - Slapshot by Wayne Simmonds.
0:51 of 2nd period - Deflect By Sheldon Dries.
0:51 of 2nd period - Shot Misses the Net.
0:51 of 2nd period - Puck is out of play.
0:52 of 2nd period - Sheldon Dries wins face-off versus Jack Becker in Gulls zone.
1:07 of 2nd period - Zach Giuttari is hit by Wayne Simmonds and loses puck.
1:14 of 2nd period - Snap shot by Sheldon Dries.
1:14 of 2nd period - Stopped by Louis Domingue without a rebound.
1:15 of 2nd period - Laurent Dauphin wins face-off versus Wyatt Bongiovanni in Gulls zone.
1:50 of 2nd period - Wrist shot by Vincent Arseneau.
1:50 of 2nd period - Stopped by David Rittich with a rebound.
1:52 of 2nd period - Slapshot by Vincent Arseneau.
1:52 of 2nd period - Stopped by David Rittich with a rebound.
2:00 of 2nd period - Minor Penalty to Nathan Walker for Holding Stick.
2:01 of 2nd period - Laurent Dauphin wins face-off versus Wyatt Bongiovanni in Checkers 2 zone.
2:14 of 2nd period - Snap shot by Brett Ritchie.
2:14 of 2nd period - Shot Misses the Net.
3:54 of 2nd period - Jake Christiansen is hit by Maxim Cajkovic and loses puck.
4:00 of 2nd period - Penalty to Nathan Walker is over, Nathan Walker is back on ice.
4:32 of 2nd period - Zach Giuttari is hit by Colton White and loses puck.
4:43 of 2nd period - Wrist shot by Xavier Parent.
4:43 of 2nd period - Stopped by David Rittich without a rebound.
4:44 of 2nd period - Sheldon Dries wins face-off versus Jack Becker in Checkers 2 zone.
7:22 of 2nd period - Zach Solow is hit by Max Pacioretty.
9:15 of 2nd period - Yanni Kaldis is hit by Nathan Walker and loses puck.
10:38 of 2nd period - Snap shot by Nathan Walker.
10:38 of 2nd period - Stopped by Louis Domingue without a rebound.
10:39 of 2nd period - Nathan Walker wins face-off versus Jack Becker in Gulls zone.
11:15 of 2nd period - Slapshot by Sheldon Dries.
11:15 of 2nd period - Stopped by Louis Domingue with a rebound.
12:06 of 2nd period - Snap shot by Sheldon Dries.
12:06 of 2nd period - Stopped by Louis Domingue without a rebound.
12:07 of 2nd period - Sheldon Dries wins face-off versus Jack Becker in Gulls zone.
12:08 of 2nd period - Slapshot by Hudson Fasching.
12:08 of 2nd period - Shot Misses the Net.
12:27 of 2nd period - Guillaume Brisebois is hit by Wayne Simmonds and loses puck.
12:32 of 2nd period - Wrist shot by Wayne Simmonds.
12:32 of 2nd period - Stopped by Louis Domingue without a rebound.
12:33 of 2nd period - Laurent Dauphin wins face-off versus Xavier Parent in Gulls zone.
12:34 of 2nd period - Wrist shot by Max Pacioretty.
12:34 of 2nd period - Stopped by Louis Domingue without a rebound.
12:35 of 2nd period - Xavier Parent wins face-off versus Laurent Dauphin in Gulls zone.
12:50 of 2nd period - Snap shot by Laurent Dauphin.
12:50 of 2nd period - Stopped by Louis Domingue with a rebound.
13:35 of 2nd period - Snap shot by Martin Kaut.
13:35 of 2nd period - Goal by Martin Kaut - Checkers 2 : 2 - Gulls : 1.
13:36 of 2nd period - Laurent Dauphin wins face-off versus Wyatt Bongiovanni in neutral zone.
14:09 of 2nd period - Vincent Arseneau is hit by Joel Kiviranta.
15:03 of 2nd period - Backhand shot by Zach Giuttari.
15:03 of 2nd period - Stopped by David Rittich without a rebound.
15:04 of 2nd period - Laurent Dauphin wins face-off versus Xavier Parent in Checkers 2 zone.
15:15 of 2nd period - Snap shot by Vincent Arseneau.
15:15 of 2nd period - Stopped by David Rittich with a rebound.
15:17 of 2nd period - Snap shot by Maxim Cajkovic.
15:17 of 2nd period - Stopped by David Rittich without a rebound.
15:18 of 2nd period - Laurent Dauphin wins face-off versus Wyatt Bongiovanni in Checkers 2 zone.
15:23 of 2nd period - Snap shot by Egor Sokolov.
15:23 of 2nd period - Deflect By Wyatt Bongiovanni.
15:23 of 2nd period - Shot Blocked by Jake Christiansen.
15:23 of 2nd period - Puck is out of play.
15:24 of 2nd period - Wyatt Bongiovanni wins face-off versus Laurent Dauphin in Checkers 2 zone.
18:47 of 2nd period - Jack Becker is hit by Sheldon Dries and loses puck.
19:13 of 2nd period - Zach Giuttari is hit by Martin Kaut and loses puck.
19:41 of 2nd period - Slapshot by Alex Vlasic.
19:41 of 2nd period - Deflect By Vincent Arseneau.
19:41 of 2nd period - Shot Misses the Net.
19:41 of 2nd period - Puck is out of play.
19:42 of 2nd period - Sheldon Dries wins face-off versus Xavier Parent in Checkers 2 zone.
19:53 of 2nd period - Alex Vlasic is hit by Wayne Simmonds.
Goals for this period are 1 for Checkers 2 vs 0 for Gulls.
Shots for this period are 8 for Checkers 2 vs 6 for Gulls.

3rd period


0:01 of 3rd period - Laurent Dauphin wins face-off versus Wyatt Bongiovanni in neutral zone.
0:04 of 3rd period - Egor Sokolov is hit by Max Pacioretty and loses puck.
0:52 of 3rd period - Joel Kiviranta is hit by Zach Giuttari and loses puck.
1:13 of 3rd period - Slapshot by Egor Sokolov.
1:13 of 3rd period - Shot Misses the Net.
1:15 of 3rd period - Wrist shot by Zach Solow.
1:15 of 3rd period - Shot Blocked by Conor Timmins.
1:49 of 3rd period - Wrist shot by Justin Bailey.
1:49 of 3rd period - Deflect By Hudson Fasching.
1:49 of 3rd period - Stopped by David Rittich without a rebound.
1:50 of 3rd period - Sheldon Dries wins face-off versus Zach Tsekos in Checkers 2 zone.
3:13 of 3rd period - Minor Penalty to Sheldon Dries for Hooking.
3:14 of 3rd period - Parker Kelly wins face-off versus Wyatt Bongiovanni in Checkers 2 zone.
3:27 of 3rd period - Scott Harrington is hit by Alex Vlasic and loses puck.
3:52 of 3rd period - Snap shot by Zach Solow.
3:52 of 3rd period - Stopped by David Rittich without a rebound.
3:53 of 3rd period - Jack Becker wins face-off versus Laurent Dauphin in Checkers 2 zone.
3:54 of 3rd period - Snap shot by Yanni Kaldis.
3:54 of 3rd period - Stopped by David Rittich without a rebound.
3:55 of 3rd period - Laurent Dauphin wins face-off versus Jack Becker in Checkers 2 zone.
4:06 of 3rd period - Joel Hanley is hit by Zach Solow and loses puck.
4:35 of 3rd period - Wrist shot by Xavier Parent.
4:35 of 3rd period - Shot Blocked by Conor Timmins.
4:37 of 3rd period - Slapshot by Zach Giuttari.
4:37 of 3rd period - Stopped by David Rittich with a rebound.
4:46 of 3rd period - Snap shot by Zach Giuttari.
4:46 of 3rd period - Stopped by David Rittich without a rebound.
4:47 of 3rd period - Wyatt Bongiovanni wins face-off versus Parker Kelly in Checkers 2 zone.
5:02 of 3rd period - Wrist shot by Justin Bailey.
5:02 of 3rd period - Deflect By Wyatt Bongiovanni.
5:02 of 3rd period - Stopped by David Rittich with a rebound.
5:13 of 3rd period - Penalty to Sheldon Dries is over, Sheldon Dries is back on ice.
5:33 of 3rd period - Slapshot by Sheldon Dries.
5:33 of 3rd period - Stopped by Louis Domingue with a rebound.
5:43 of 3rd period - Slapshot by Alex Vlasic.
5:43 of 3rd period - Stopped by David Rittich with a rebound.
6:11 of 3rd period - Wrist shot by Alex Belzile.
6:11 of 3rd period - Stopped by Louis Domingue without a rebound.
6:12 of 3rd period - Parker Kelly wins face-off versus Wyatt Bongiovanni in Gulls zone.
6:17 of 3rd period - Wrist shot by Joel Kiviranta.
6:17 of 3rd period - Stopped by Louis Domingue without a rebound.
6:18 of 3rd period - Jack Becker wins face-off versus Parker Kelly in Gulls zone.
6:18 of 3rd period - Jack Becker is hit by Nathan Walker.
6:21 of 3rd period - Icing by Egor Sokolov.
6:22 of 3rd period - Parker Kelly wins face-off versus Jack Becker in Gulls zone.
6:31 of 3rd period - Conor Timmins is hit by Zach Solow and loses puck.
6:38 of 3rd period - Wrist shot by Zach Solow.
6:38 of 3rd period - Stopped by David Rittich with a rebound.
6:58 of 3rd period - Slapshot by Yanni Kaldis.
6:58 of 3rd period - Stopped by David Rittich without a rebound.
6:59 of 3rd period - Laurent Dauphin wins face-off versus Wyatt Bongiovanni in Checkers 2 zone.
7:06 of 3rd period - Slapshot by Joel Hanley.
7:06 of 3rd period - Shot Misses the Net.
8:02 of 3rd period - Wrist shot by Laurent Dauphin.
8:02 of 3rd period - Stopped by Louis Domingue with a rebound.
8:32 of 3rd period - Slapshot by Brett Ritchie.
8:32 of 3rd period - Stopped by Louis Domingue without a rebound.
8:33 of 3rd period - Xavier Parent wins face-off versus Nathan Walker in Gulls zone.
8:59 of 3rd period - Xavier Parent is hit by Martin Kaut and loses puck.
9:44 of 3rd period - Snap shot by Parker Kelly.
9:44 of 3rd period - Deflect By Yanni Kaldis.
9:44 of 3rd period - Goal by Parker Kelly - Checkers 2 : 3 - Gulls : 1.
9:45 of 3rd period - Wyatt Bongiovanni wins face-off versus Joel Kiviranta in neutral zone.
10:43 of 3rd period - Brett Ritchie is hit by Alex Vlasic.
11:00 of 3rd period - Guillaume Brisebois is hit by Parker Kelly and loses puck.
11:22 of 3rd period - Egor Sokolov is hit by Alex Belzile and loses puck.
12:46 of 3rd period - Guillaume Brisebois is hit by Sheldon Dries.
13:59 of 3rd period - Wrist shot by Sheldon Dries.
13:59 of 3rd period - Shot Misses the Net.
14:35 of 3rd period - Wyatt Bongiovanni is hit by Colton White and loses puck.
14:54 of 3rd period - Zach Tsekos is hit by Sheldon Dries and loses puck.
15:02 of 3rd period - Icing by Zach Tsekos.
15:03 of 3rd period - Laurent Dauphin wins face-off versus Xavier Parent in Gulls zone.
15:16 of 3rd period - Maxim Cajkovic is hit by Laurent Dauphin and loses puck.
16:27 of 3rd period - Wrist shot by Laurent Dauphin.
16:27 of 3rd period - Shot Misses the Net.
16:37 of 3rd period - Zach Solow is hit by Conor Timmins and loses puck.
16:54 of 3rd period - Zach Giuttari is hit by Wayne Simmonds and loses puck.
17:25 of 3rd period - Minor Penalty to Jake Livingstone for Interference.
17:26 of 3rd period - Justin Bailey wins face-off versus Laurent Dauphin in Gulls zone.
17:51 of 3rd period - Colton White is hit by Yanni Kaldis and loses puck.
18:10 of 3rd period - Wrist shot by Zach Tsekos.
18:10 of 3rd period - Shot Misses the Net.
19:25 of 3rd period - Penalty to Jake Livingstone is over, Jake Livingstone is back on ice.
19:45 of 3rd period - Wrist shot by Parker Kelly.
19:45 of 3rd period - Shot Misses the Net.
19:51 of 3rd period - Parker Kelly is hit by Kale Howarth and loses puck.
Goals for this period are 1 for Checkers 2 vs 0 for Gulls.
Shots for this period are 6 for Checkers 2 vs 9 for Gulls.